 Dungeon Crawl Stone Soup version 0.22.0-25-g7663229ff0 (webtiles) character file.

997 bitnick the Cleaver (level 8, -4/70 HPs)
             Began as a Hill Orc Fighter on Aug 20, 2018.
             Slain by a hornet (9 damage)
             ... on level 5 of the Dungeon.
             The game lasted 01:07:39 (5667 turns).

bitnick the Cleaver (Hill Orc Fighter)              Turns: 5667, Time: 01:07:40

Health: -4/70      AC: 13    Str: 21    XL:     8   Next: 19%
Magic:  8/8        EV:  4    Int:  8    God:
Gold:   243        SH: 10    Dex: 14    Spells: 7/7 levels left

rFire    . . .     SeeInvis .   a - +0 war axe
rCold    + . .     Gourm    .   c - +0 shield
rNeg     . . .     Faith    .   t - +0 plate armour
rPois    .         Spirit   .   p - +0 helmet
rElec    .         Reflect  .   (no cloak)
rCorr    .         Harm     .   (no gloves)
MR       .....                  (no boots)
Stlth    ..........             (no amulet)
HPRegen  0.21/turn              l - ring of protection from cold
MPRegen  0.11/turn              v - +4 ring of dexterity

@: lethally poisoned (-4 -> -23), about to teleport, slowed, very slow
A: no striking features
a: no special abilities


You were on level 5 of the Dungeon.
You were not hungry.

You visited 1 branch of the dungeon, and saw 5 of its levels.
You also visited: Sewer.

You collected 243 gold pieces.

Inventory:

Hand Weapons
 a - a +0 war axe (weapon)
 b - a +0 hunting sling
 g - a +0 blowgun
 o - a +1 short sword of flaming
 w - a +0 whip
Missiles
 e - 67 bolts
 h - 176 stones (quivered)
 u - 25 poisoned needles
Armour
 c - a +0 shield (worn)
 m - a +0 hat
 p - a +0 helmet (worn)
 t - a +0 plate armour (worn)
Jewellery
 l - a ring of protection from cold (left hand)
 v - a +4 ring of dexterity (right hand)
Wands
 x - a wand of digging (9)
 y - a wand of random effects (41)
Scrolls
 d - a scroll of teleportation
 i - a scroll of magic mapping
 k - a scroll of fog {unknown}
 q - a scroll of remove curse
 B - a scroll of noise {unknown}
 D - a scroll of identify
Potions
 j - 6 potions of flight
 r - a potion of mutation
 s - 2 potions of brilliance
 z - a potion of curing
 A - a potion of invisibility {unknown}
 E - a potion of lignification {unknown}
Comestibles
 f - 7 rations
 C - a chunk of flesh


   Skills:
 + Level 6.0 Fighting
 * Level 8.1 Axes
 + Level 5.5 Armour
 + Level 5.6 Shields


You had 7 spell levels left.
You didn't know any spells.
Your spell library was empty.

Dungeon Overview and Level Annotations

Branches:
Dungeon (5/15)
 Temple: D:4-7

Altars:
Ashenzari
Fedhas
Qazlal
Sif Muna
Vehumet
Yredelemnul

Shops:
D:4 (


Message History

You feel sick.
The hornet stings you but does no damage.
The hornet completely misses you.
You closely miss the hornet.
The hornet is moderately wounded.
You feel very sick.
The hornet stings you but does no damage.
You block the hornet's attack. The hornet stings you!
* * * LOW HITPOINT WARNING * * *
You are lethally poisoned!
You feel as though you will be slow longer.
As you read the scroll of teleportation, it crumbles to dust.
You feel strangely unstable.
* * * LOW HITPOINT WARNING * * *
You feel very sick. The hornet stings you.
* * * LOW HITPOINT WARNING * * *
You feel as though you will be slow longer.
The hornet stings you!
You die...

................#..........##'#
................#..............
.###.####+##....#....########..
# #..)##....# #.. #...##....##
### ##...##.....# #.....#.....#
#.....#.....# ####@##.##.##
#+#####y##.##.###
................#
................#
...........##>.##
...........##...#
................#
#######.........# #.........#


You could see a hornet.

Vanquished Creatures
  A hippogriff (D:3)
  Purgy (Sewer)
  An orc warrior (D:4)
  An ogre (D:4)
  A centaur (D:4)
  A crimson imp (D:5)
  A centaur skeleton (D:4)
  A bullfrog skeleton (D:5)
  Jessica (D:2)
  2 iguanas
  3 worker ants
  Robin (D:2)
  A howler monkey zombie (D:5)
  A howler monkey skeleton (D:4)
  A river rat (D:3)
  7 adders
  2 oozes
  5 worms
  2 dart slugs
  2 leopard geckos
  11 orcs
  5 giant cockroaches
  7 hobgoblins
  8 jackals
  3 quokkas
  6 ball pythons
  4 bats
  10 frilled lizards
  14 goblins
  4 kobolds
  A leopard gecko skeleton (D:4)
  A quokka skeleton (D:4)
  12 rats
122 creatures vanquished.

Notes
Turn   | Place    | Note
-------+----------+-------------------------------------------
     0 | D:1      | bitnick the Hill Orc Fighter began the quest for the Orb.
     0 | D:1      | Reached XP level 1. HP: 19/19 MP: 1/1
   201 | D:1      | Reached skill level 3 in Axes
   306 | D:1      | Reached XP level 2. HP: 27/27 MP: 2/2
  1042 | D:2      | Noticed Jessica
  1057 | D:2      | Killed Jessica
  1057 | D:2      | Reached XP level 3. HP: 33/33 MP: 3/3
  1100 | D:2      | Reached skill level 4 in Axes
  1121 | D:2      | Noticed Robin
  1183 | D:1      | Reached XP level 4. HP: 34/40 MP: 4/4
  1288 | D:2      | Killed Robin
  1576 | D:2      | Found a radiant altar of Vehumet.
  2252 | D:3      | Reached XP level 5. HP: 46/47 MP: 5/5
  2283 | D:3      | Found a glowing drain.
  2364 | Sewer    | Entered a sewer
  2503 | Sewer    | Noticed Purgy
  2537 | Sewer    | Killed Purgy
  2537 | Sewer    | Reached skill level 5 in Axes
  2537 | Sewer    | Reached XP level 6. HP: 37/53 MP: 6/6
  3015 | D:3      | Found a blossoming altar of Fedhas.
  3016 | D:3      | Found a stormy altar of Qazlal.
  3254 | D:3      | Found a basalt altar of Yredelemnul.
  3567 | D:3      | Noticed a hippogriff
  3590 | D:3      | Killed a hippogriff
  3590 | D:3      | Reached skill level 5 in Fighting
  3590 | D:3      | Reached skill level 6 in Axes
  3590 | D:3      | Reached XP level 7. HP: 49/61 MP: 7/7
  4104 | D:4      | Reached skill level 5 in Shields
  4204 | D:4      | Reached skill level 5 in Armour
  4238 | D:4      | Reached skill level 7 in Axes
  4404 | D:4      | Found Caodd's Weapon Shoppe.
  4951 | D:4      | Reached XP level 8. HP: 66/70 MP: 8/8
  5031 | D:4      | Found a deep blue altar of Sif Muna.
  5136 | D:4      | Found a shattered altar of Ashenzari.
  5322 | D:5      | Entered Level 5 of the Dungeon
  5509 | D:5      | Reached skill level 8 in Axes
  5606 | D:5      | Noticed a hornet
  5657 | D:5      | Paralysed by a hornet for 2 turns
  5667 | D:5      | Slain by a hornet

Skill      XL: |  1  2  3  4  5  6  7  8 |
---------------+-------------------------+-----
Axes           | 3 4 5 6 7 8 |  8.1
Fighting       | 4 5 6 |  6.0
Armour         | 4 5 |  5.5
Shields        | 4 5 |  5.6

Action                   |  1- 3 |  4- 6 |  7- 9 || total
-------------------------+-------+-------+-------++-------
Melee: War axe           |    80 |   213 |   168 ||   461
 Fire: Hunting sling     |       |       |    31 ||    31
  Use: Scroll            |     1 |     6 |     5 ||    12
       Potion            |       |     3 |     2 ||     5
  Eat: Chunk             |     1 |     8 |     5 ||    14
       Ration            |       |       |     1 ||     1
Armor: Scale mail        |    27 |    92 |     3 ||   122
       Plate armour      |       |       |    59 ||    59
Dodge: Dodged            |    17 |    75 |    26 ||   118
Block: Shield            |    44 |   125 |    72 ||   241
